 Dungeon Crawl Stone Soup version 0.32-a0-732-ga344392067 (webtiles) character file.

Game seed: 16880679106662882616

144510 jasper the Warrior (level 16, -9/136 HPs)
             Began as a Demonspawn Shapeshifter on Mar 16, 2024.
             Was a Follower of Uskayaw.
             Mangled by a jumping spider (21 damage)
             ... on level 2 of the Spider Nest.
             The game lasted 00:35:16 (22342 turns).

jasper the Warrior (Demonspawn Shapeshifter)       Turns: 22342, Time: 00:35:16

Health: -9/136     AC:  3    Str: 15    XL:     16   Next: 85%
Magic:  18/26      EV: 18    Int: 10    God:    Uskayaw [*.....]
Gold:   1880       SH:  0    Dex: 21    Spells: 15/15 levels left

rFire   . .          .
                       - Unarmed
rCold   . . .        (shield currently unavailable)
rNeg    . . .        c - +3 troll leather armour {Snorg}
rPois   +            O - +0 helmet
rElec   .            J - +0 cloak of the Tarantula {rPois}
rCorr   .            (gloves unavailable)
SInv    .            S - +2 pair of boots
Will    +....        y - amulet of faith
Stlth   ++           e - +4 ring of protection
HPRegen 5.22/turn    N - +4 ring of protection
MPRegen 0.20/turn

%: faith
@: lethally poisoned (-9 -> -9), blade hands, corroded
A: thin metallic scales 1, powered by death 2, demonic magic 2, demonic touch 3
a: Begin Untransformation, Renounce Religion, Stomp


You were on level 2 of the Spider Nest.
You worshipped Uskayaw.
Uskayaw was pleased with you.
You had blades for hands.
You visited 4 branches of the dungeon, and saw 24 of its levels.
You also visited: Ossuary and Bailey.

You collected 3420 gold pieces.
You spent 1540 gold pieces at shops.

Inventory:

Missiles
 l - 16 javelins
 m - 47 boomerangs
 B - 3 throwing nets
 P - 6 curare-tipped darts
Armour
 c - a +3 troll leather armour (worn) {Snorg}
 d - a scarf of resistance
 J - the +0 cloak of the Tarantula (worn) {rPois}
   (You acquired it in a bailey)

   rPois:     It protects you from poison.
 O - a +0 helmet (worn)
 S - a +2 pair of boots (worn)
 X - a +1 cloak of willpower
Jewellery
 e - a +4 ring of protection (left blade hand)
 f - a ring of resist corrosion
 n - a ring of see invisible
 y - an amulet of faith (around neck)
 N - a +4 ring of protection (right blade hand)
 Q - a ring of poison resistance
 W - an amulet of reflection
Talismans
 r - a blade talisman (active)
 u - a dragon-blood talisman
Wands
 j - a wand of flame (63)
 v - a wand of paralysis (10)
 x - a wand of warping (16)
 A - a wand of polymorph (16)
 D - a wand of digging (9)
Scrolls
 o - a scroll of vulnerability
 p - 6 scrolls of revelation
 s - 2 scrolls of summoning
 t - a scroll of enchant weapon
 w - 8 scrolls of immolation
 z - 14 scrolls of teleportation
 L - 4 scrolls of fog
 T - a scroll of blinking
 U - 5 scrolls of identify
 V - 2 scrolls of poison
 Y - 3 scrolls of fear
Potions
 a - a potion of resistance
 b - 9 potions of lignification
 i - 3 potions of mutation
 k - 2 potions of magic
 q - 2 potions of berserk rage
 C - 6 potions of haste
 E - 3 potions of brilliance
 F - 4 potions of degeneration
 G - 2 potions of enlightenment
 H - a potion of cancellation
 I - 4 potions of invisibility
 K - 5 potions of heal wounds
 M - 15 potions of curing
 R - 3 potions of attraction
 Z - 3 potions of might
Miscellaneous
 h - a sack of spiders


   Skills:
 - Level 15.0 Fighting
 - Level 10.0 Dodging
 - Level 15.0 Unarmed Combat
 - Level 13.6 Invocations
 + Level 14.1 Shapeshifting


You had 15 spell levels left.
You didn't know any spells.
Your spell library contained the following spells:

 Spells                   Type           Power      Damage    Failure   Level
 Freeze                   Ice            0%         1d3       43%         1
 Kiss of Death            Conj/Necr      0%         2d5       43%         1
 Slow                     Hex            0%         N/A       43%         1
 Call Imp                 Summ           0%         N/A       56%         2
 Sublimation of Blood     Necr           0%         N/A       56%         2
 Confusing Touch          Hex            0%         N/A       80%         3
 Frozen Ramparts          Ice            0%         1d1       80%         3
 Hailstorm                Conj/Ice       0%         3d5       80%         3
 Inner Flame              Hex/Fire       0%         N/A       80%         3
 Vampiric Draining        Necr           0%         2d6       80%         3
 Volatile Blastmotes      Fire/Tloc      0%         2d10      80%         3
 Dispel Undead            Necr           0%         3d6       99%         4
 Flame Wave               Conj/Fire      0%         2d4       99%         4
 Fulminant Prism          Conj/Alch      0%         3d5       99%         4
 Iskenderun's Mystic Bla  Conj/Tloc      0%         2d3       99%         4
 Leda's Liquefaction      Alch/Erth      0%         N/A       99%         4
 Manifold Assault         Tloc           0%         N/A       99%         4
 Petrify                  Alch/Erth      0%         N/A       99%         4
 Sticky Flame             Fire/Alch      0%         2d4       99%         4
 Summon Blazeheart Golem  Fire/Summ      0%         N/A       99%         4
 Metabolic Englaciation   Hex/Ice        0%         N/A       100%        5
 Summon Forest            Summ/Tloc      0%         N/A       100%        5
 Dispersal                Tloc           0%         N/A       100%        6
 Eringya's Noxious Bog    Alch           0%         4d6       100%        6
 Orb of Destruction       Conj           0%         9d5       100%        7
 Spellforged Servitor     Conj/Summ      0%         N/A       100%        7
 Summon Hydra             Summ           0%         N/A       100%        7
 Disjunction              Tloc           0%         N/A       100%        8


Dungeon Overview and Level Annotations

Branches:
Dungeon (15/15)            Temple (0/1) D:4            Lair (5/5) D:10
  Swamp (0/4) Lair:3       Spider (2/4) Lair:3        Slime (0/5) Lair:5
    Orc (2/2) D:9             Elf (0/3) Orc:2        Vaults (0/5) D:13
 Depths (0/4) D:15        Ossuary (visited)          Bailey (visited)

Altars:
Cheibriados
Hepliaklqana
Makhleb
Qazlal
Uskayaw
Yredelemnul
Beogh

Shops:
Orc:2 !(?*

Annotations:
D:6 2 transporters


Innate Abilities, Weirdness & Mutations

You have blades for hands.
You are incapable of wielding weapons or throwing items.
You are partially covered in thin metallic scales. (AC +2)
You regenerate health from kills.
Spells you cast may paralyse nearby enemies.
Your touch may irresistibly damage your foes and sap their willpower.


Message History

You regained 3 hp, and now have 116/136 hp.
You hit the moth of wrath but do no damage.
You touch the moth of wrath!
You kill the moth of wrath!
The redback bites you! The jumping spider pounces on you!!
The jumping spider barely misses you. The redback misses you.
The jumping spider completely misses you. x2
You take 26 damage, and have 90/136 hp.
You slice the redback!!
The redback is heavily wounded.
The redback bites you!
You are poisoned.
The redback poisons you! The jumping spider pounces on you!!
The jumping spider bites you. The redback bites you!!
* * * LOW HITPOINT WARNING * * *
The jumping spider pounces on you!
* * * LOW HITPOINT WARNING * * *
You are caught in a web!
The jumping spider bites you.
* * * LOW HITPOINT WARNING * * *
You take 75 damage, and have 15/136 hp.
MASSIVE DAMAGE!!
Aiming: Grand Finale
Press: ? - help, Shift-Dir - straight line, f - redback
Aim: a redback (heavily wounded, berserk)
The redback explodes violently!!
You blow up the redback!
You feel extremely sick. The jumping spider barely misses you.
The jumping spider misses you.
You take 3 damage, and have 12/136 hp.
You now have 18/26 mp.
Okay, then.
Unknown command.
Okay, then.
Unknown command.
Unknown command.
You shred the jumping spider!!!
The jumping spider is severely wounded.
You feel very sick.
You hear an angry buzzing noise.
The jumping spider pounces on you!!
You die...
Your body falls in perfect tune with the rhythm.

^ #.# #s .. #.. #. #.
#.# B### #.. #..###>..#
##..#.#.#.#^. .#
##.!^..#...#.# .. ###
#..^^^#†#†##.#.#..#..#
#...#.††....#..... .
##..††@s#.#.##.##.. .
#.#.#...###.....#..# #.
#^#.##....# #..##....#..
##.....#.## ...#.###†..
##..#..†####.#^##......
#...#...#^.#..#....†..##
#..#####.#...##..#.#.##
#.#########....#..####
#.##....###......##


You could see a jumping spider (berserk).

Vanquished Creatures
  Jorgrun (Orc:2)
  An emperor scorpion (Spider:2)
  3 orc warlords
  A very ugly thing (D:15)
  Snorg (D:11)
  A fire dragon (Lair:5)
  An entropy weaver (shapeshifter) (D:14)
  2 entropy weavers (Spider:2)
  A great orb of eyes (D:15)
  Fannar (D:11)
  An ogre mage (D:13)
  A catoblepas (Lair:4)
  4 vault guards (D:13)
  6 hydras
  7 boulder beetles
  6 centaur warriors
  15 death yaks
  6 two-headed ogres
  An occultist (D:15)
  2 orc high priests
  Urug (Orc:2)
  2 demonic crawlers (Spider:1)
  Sonja (Lair:2)
  A fire crab (Lair:5)
  4 pharaoh ants
  6 skysharks
  6 orb spiders
  An orb spider (shapeshifter) (D:15)
  2 lindwurms
  Pikel (D:9)
  7 orc knights
  A steelbarb worm (Spider:1)
  A deep elf archer (D:13)
  An oklob plant (Lair:1)
  5 cyclopes
  2 orc sorcerers
  9 wolf spiders
  10 ugly things
  2 manticores
  Maurice (D:11)
  A moth of wrath (Spider:2)
  3 molten gargoyles (Lair:5)
  10 black mambas
  2 torpor snails (Spider:1)
  5 elephants (Lair:4)
  2 gargoyles (D:13)
  11 cane toads
  5 rime drakes
  An efreet (D:14)
  A freezing wraith (D:15)
  9 komodo dragons
  4 tyrant leeches (Lair:3)
  6 trolls
  A hornet (Lair:3)
  6 tarantellas
  2 polar bears
  4 blink frogs (Lair:5)
  10 saltlings (Orc:2)
  15 jumping spiders
  7 slime creatures
  6 culicivoras
  4 wraiths
  11 wyverns
  3 shadows
  2 vampires
  A water elemental (D:12)
  A human (D:13)
  7 basilisks
  88 yaks
  13 redbacks
  8 wargs
  3 steam dragons
  13 vampire mosquitoes
  Edmund (D:4)
  An acid dragon (D:9)
  2 swamp worms (Lair:3)
  4 hell hounds (Lair:5)
  41 orc warriors
  10 water moccasins
  3 swamp drakes (D:10)
  An ice beast (D:6)
  A sky beast (D:6)
  3 wolves (Lair:1)
  6 ogres
  15 centaurs
  A phantom (D:6)
  3 lemures (D:9)
  A kobold brigand (D:10)
  10 bullfrogs
  5 scorpions
  A burial acolyte (Ossuary)
  16 wights
  8 electric eels
  2 bombardier beetles
  4 lava snakes (Lair:5)
  2 hounds
  12 orc priests
  2 gnoll boudas (D:7)
  3 jellies
  5 iguanas
  22 orc wizards
  2 mummies
  10 gnolls
  5 adders
  A shadow imp (D:5)
  5 white imps
  2 ufetubi (D:5)
  3 dart slugs
  92 orcs
  6 endoplasms
  4 giant cockroaches
  13 goblins
  8 hobgoblins
  7 jackals
  7 quokkas
  12 ball pythons
  7 bats
  4 frilled lizards
  6 gnoll skeletons (Ossuary)
  22 kobolds
  6 kobold skeletons (Ossuary)
  8 orc skeletons (Ossuary)
  6 rats
812 creatures vanquished.

Vanquished Creatures (others)
  A redback (Spider:2)
1 creature vanquished.

Grand Total: 813 creatures vanquished

Notes
Turn   | Place    | Note
-------+----------+-------------------------------------------
     0 | D:1      | jasper the Demonspawn Shapeshifter began the quest for the
                  | Orb.
     0 | D:1      | Reached XP level 1. HP: 15/15 MP: 1/1
    14 | D:1      | You fall into a shaft and drop 1 floor!
    18 | D:2      | Found a hide-covered altar of Uskayaw.
    27 | D:2      | Became a worshipper of Uskayaw the Reveller
    95 | D:1      | Reached * piety under Uskayaw
   168 | D:1      | Reached ** piety under Uskayaw
   175 | D:1      | Reached *** piety under Uskayaw
   176 | D:1      | Gained mutation: Your touch may inflict minor irresistible
                  | damage on your foes. [demonic ancestry]
   176 | D:1      | Reached XP level 2. HP: 6/21 MP: 2/2
   778 | D:2      | Gained mutation: You are partially covered in thin metallic
                  | scales. (AC +2) [demonic ancestry]
   778 | D:2      | Reached XP level 3. HP: 24/27 MP: 3/3
  1709 | D:3      | Reached XP level 4. HP: 34/34 MP: 4/4
  2038 | D:3      | Reached **** piety under Uskayaw
  2372 | D:4      | Gained mutation: Your touch may inflict irresistible damage
                  | on your foes. [demonic ancestry]
  2372 | D:4      | Reached XP level 5. HP: 40/40 MP: 5/5
  2401 | D:4      | Noticed Edmund
  2421 | D:4      | Killed Edmund
  2422 | D:4      | Reached skill level 5 in Unarmed Combat
  2422 | D:4      | Gained mutation: You regenerate a little health from kills.
                  | [demonic ancestry]
  2422 | D:4      | Reached XP level 6. HP: 24/47 MP: 6/6
  2638 | D:4      | Found a staircase to the Ecumenical Temple.
  3099 | D:4      | Identified the +0 leather armour "Cuckukhlo" {rCorr Dex+2}
  3345 | D:5      | Entered Level 5 of the Dungeon
  3972 | D:5      | Identified a scroll of acquirement
  3972 | D:5      | Acquired the +1 buckler of Geaxir Socro {^Drain rElec rPois
                  | rC+}
  4193 | D:6      | Gained mutation: Your touch may irresistibly damage your
                  | foes and sap their willpower. [demonic ancestry]
  4193 | D:6      | Reached XP level 7. HP: 33/55 MP: 7/7
  4429 | D:6      | Reached skill level 5 in Fighting
  4592 | D:6      | Noticed a vampire mosquito
  4593 | D:6      | Noticed a vampire mosquito
  4622 | D:6      | Found a stormy altar of Qazlal.
  4623 | D:6      | Found a transporter.
  4624 | D:6      | Found a basalt altar of Yredelemnul.
  4630 | D:6      | Found a transporter.
  4746 | D:6      | Reached XP level 8. HP: 54/64 MP: 8/8
  5381 | D:7      | Found a sand-covered staircase.
  5390 | Ossuary  | Entered an ossuary
  5524 | Ossuary  | Found an ancient bone altar of Kikubaaqudgha.
  5589 | D:7      | Reached ***** piety under Uskayaw
  5618 | D:7      | Found a flagged portal.
  5627 | Bailey   | Entered a bailey
  5644 | Bailey   | Noticed an orc warlord
  5705 | Bailey   | Gained mutation: Spells you cast may paralyse adjacent
                  | enemies. [demonic ancestry]
  5705 | Bailey   | Reached XP level 9. HP: 11/74 MP: 9/9
  6074 | Bailey   | Found a runed translucent gate.
  6077 | Bailey   | Found a runed translucent gate.
  6078 | Bailey   | Found a runed translucent gate.
  6106 | Bailey   | Acquired the +0 cloak of the Tarantula {rPois}
  6309 | Bailey   | Killed an orc warlord
  6470 | Bailey   | Reached XP level 10. HP: 83/83 MP: 9/20
  6732 | D:7      | Found a snail-covered altar of Cheibriados.
  7430 | D:9      | Reached skill level 10 in Unarmed Combat
  7621 | D:9      | Reached XP level 11. HP: 35/81 MP: 21/21
  7900 | D:9      | Noticed Pikel
  7920 | D:9      | Killed Pikel
  7921 | D:9      | Reached skill level 10 in Fighting
  8374 | D:9      | Found a staircase to the Orcish Mines.
  8624 | D:10     | Entered Level 10 of the Dungeon
  8708 | D:10     | Reached skill level 5 in Shapeshifting
  8877 | D:10     | Found a hazy altar of Hepliaklqana.
  8969 | D:10     | Noticed a two-headed ogre
  8978 | D:10     | Killed a two-headed ogre
  9697 | D:10     | Found a staircase to the Lair.
 10412 | D:11     | Reached ****** piety under Uskayaw
 10440 | D:11     | Noticed Maurice
 10441 | D:11     | Noticed Fannar
 10441 | D:11     | Noticed Snorg
 10447 | D:11     | Maurice stole a beast talisman
 10448 | D:11     | Maurice stole 37 boomerangs
 10450 | D:11     | Killed Maurice
 10460 | D:11     | Killed Snorg
 10461 | D:11     | Reached XP level 12. HP: 39/97 MP: 13/22
 10472 | D:11     | Killed Fannar
 11429 | Lair:1   | Entered Level 1 of the Lair of Beasts
 11467 | Lair:1   | Reached skill level 10 in Shapeshifting
 11505 | Lair:1   | Acquired 821 gold pieces
 11801 | Lair:1   | Reached skill level 5 in Dodging
 12358 | Lair:2   | Gained mutation: You regenerate health from kills. [demonic
                  | ancestry]
 12358 | Lair:2   | Reached XP level 13. HP: 103/103 MP: 23/23
 12764 | Lair:2   | Reached skill level 10 in Dodging
 12900 | Lair:2   | Noticed Sonja
 12917 | Lair:2   | Killed Sonja
 13262 | Lair:3   | Found a hole to the Spider Nest.
 13273 | Lair:3   | Reached XP level 14. HP: 68/111 MP: 24/24
 13691 | Lair:3   | Found a staircase to the Swamp.
 14283 | Lair:4   | Identified the +8 rapier of Uskayaw's Respect {holy, rElec
                  | rC+ Will++}
 15084 | Lair:5   | Entered Level 5 of the Lair of Beasts
 15514 | Lair:5   | Found a large runed translucent door.
 15518 | Lair:5   | Found a large runed translucent door.
 15621 | Lair:5   | Gained mutation: Spells you cast may paralyse nearby
                  | enemies. [demonic ancestry]
 15621 | Lair:5   | Reached XP level 15. HP: 113/124 MP: 16/25
 15628 | Lair:5   | Identified the staffdeath of Distant Worlds {rPois rC+ rN+
                  | Necro}
 15760 | Lair:5   | Found a staircase to the Slime Pits.
 16645 | Orc:1    | Entered Level 1 of the Orcish Mines
 16944 | Orc:2    | Entered Level 2 of the Orcish Mines
 16944 | Orc:2    | Found a staircase to the Elven Halls.
 16995 | Orc:2    | Noticed Urug
 17006 | Orc:2    | Killed Urug
 17170 | Orc:2    | Noticed Jorgrun
 17196 | Orc:2    | Killed Jorgrun
 17531 | Orc:2    | Found Poeshrig's General Store.
 17537 | Orc:2    | Bought a potion of curing for 42 gold pieces
 17537 | Orc:2    | Bought a potion of heal wounds for 70 gold pieces
 17537 | Orc:2    | Bought an amulet of faith for 560 gold pieces
 17537 | Orc:2    | Bought a scroll of summoning for 133 gold pieces
 17537 | Orc:2    | Bought a potion of lignification for 42 gold pieces
 17537 | Orc:2    | Bought a potion of mutation for 112 gold pieces
 17577 | Orc:2    | Paralysed by an orc sorcerer for 4 turns
 17603 | Orc:2    | Found Liudun Amat's Antique Weapon Boutique.
 17603 | Orc:2    | Found a roughly hewn altar of Beogh.
 17613 | Orc:2    | Found Beobi's Magic Scroll Boutique.
 17655 | Orc:2    | Bought a scroll of fear for 56 gold pieces
 17655 | Orc:2    | Bought a scroll of immolation for 56 gold pieces
 17655 | Orc:2    | Bought a scroll of fog for 56 gold pieces
 17655 | Orc:2    | Bought a scroll of enchant armour for 105 gold pieces
 17794 | Orc:2    | Found Nilarchoarch's Distillery.
 17813 | Orc:2    | Bought a potion of lignification for 42 gold pieces
 17813 | Orc:2    | Bought a potion of curing for 42 gold pieces
 17813 | Orc:2    | Bought a potion of resistance for 140 gold pieces
 17813 | Orc:2    | Bought a potion of curing for 42 gold pieces
 17813 | Orc:2    | Bought a potion of curing for 42 gold pieces
 17971 | Orc:1    | Found a burning altar of Makhleb.
 17983 | Orc:1    | Reached skill level 15 in Fighting
 18151 | D:12     | Identified the +2 robe of Hospitality {Fly rF- rN+ Dex+2}
 18958 | D:13     | Reached skill level 15 in Unarmed Combat
 18988 | D:13     | Paralysed by an orc sorcerer for 3 turns
 19107 | D:13     | Found a gate to the Vaults.
 19116 | D:13     | Reached XP level 16. HP: 130/136 MP: 26/26
 19979 | D:15     | Entered Level 15 of the Dungeon
 20298 | D:15     | Found a staircase to the Depths.
 21029 | Spider:1 | Entered Level 1 of the Spider Nest
 22342 | Spider:2 | Mangled by a jumping spider

Illustrated notes

Levels and vault maps discovered:
D:1:      ebering_hopf_link, layout_loops_ring, serial_park_tiny_pond,
          minmay_pentomino_q2
D:2:      layout_basic, basic_altar, kennysheep_crisscross
D:3:      layout_basic, minmay_joined_circles
D:4:      layout_cave_pods, minmay_temple_entry_mist, grunt_ministairs_10,
          uniq_edmund
D:5:      layout_basic, roderic_cross_of_infinity
D:6:      layout_loops_ring, gammafunk_temple_overflow_arena
D:7:      layout_cave_pools, amethyst_overflow_temple_binary,
          gup_ossuary_entry_pyramid, enter_bailey_6
D:8:      layout_basic, minmay_misc_feat_pillars
D:9:      layout_basic, hiddenorc2_lemuel, serial_rivers,
          chequers_serial_rivers_micro_e, chequers_serial_rivers_small_b,
          chequers_serial_rivers_marsh, chequers_serial_rivers_room_b,
          chequers_serial_rivers_micro_b, chequers_serial_rivers_small_b,
          uniq_pikel
D:10:     layout_irregular_city, nicolae_hepliaklqana_hippocampus,
          erik_lair_dragon, serial_rivers, chequers_serial_rivers_room_b,
          chequers_serial_rivers_small_3, chequers_serial_rivers_large_a,
          chequers_serial_rivers_room_a, chequers_serial_rivers_room_a, pond
D:11:     minmay_evil_eye, layout_loops_ring, uniq_fannar, uniq_maurice,
          uniq_snorg
D:12:     layout_cross, serial_bayou, serial_bayou_pond_e,
          serial_bayou_lagoon_b, serial_bayou_pond_c, serial_bayou_pond_b,
          serial_bayou_pond_a
D:13:     layout_gridville, grunt_vaults_entry_fortified
D:14:     layout_rooms, interstate_on_off
D:15:     gammafunk_enter_depths_forms, layout_small_grid,
          minmay_misc_feat_rugged
Lair:1:   layout_regular_city, minmay_lair_oklob_items
Lair:2:   layout_regular_city, chequers_serial_rivers_room_a,
          grunt_megastairs_2, uniq_sonja
Lair:3:   layout_regular_city, minmay_swamp_entry_worms,
          nicolae_spider_entry_lesser_pyramids
Lair:4:   layout_regular_city, hibernation_bobbens
Lair:5:   cheibrodos_lair_end_hotspot, layout_cave_pods,
          dpeg_slime_entry_enclosed, dreamdust_mushroom_princess
Spider:1: layout_cave_pods
Spider:2: layout_spider_delve, hangedman_stitches_earthworm
Orc:1:    layout_diamond_mine, basic_altar
Orc:2:    hellmonk_orc_salted, layout_diamond_mine, uniq_urug, uniq_jorgrun

Skill      XL: |  1  2  3  4  5  6  7  8  9 10 11 12 13 14 15 16 |
---------------+-------------------------------------------------+-----
Unarmed Combat | 3 4 5 6 7 8 9 10 12 15 | 15.0
Fighting       | 2 3 4 5 7 9 10 13 15 | 15.0
Invocations    | 13 | 13.6
Shapeshifting  | 8 10 14 | 14.1
Dodging        | 8 10 | 10.0

Action                     |  1- 3 |  4- 6 |  7- 9 | 10-12 | 13-15 | 16-18 || total
---------------------------+-------+-------+-------+-------+-------+-------++-------
  Melee: Unarmed           |   118 |   153 |   248 |   560 |   812 |   329 ||  2220
         Punch             |     4 |       |       |    29 |    77 |    51 ||   161
         Touch             |    17 |    20 |       |   114 |   161 |    83 ||   395
  Throw: Stone             |       |     1 |       |     4 |       |       ||     5
 Invoke: Line Pass         |       |       |     1 |     1 |     3 |       ||     5
         Grand Finale      |       |       |       |     1 |     7 |     3 ||    11
         Stomp             |       |       |       |       |     4 |     3 ||     7
Ability: Begin Untransform |       |       |     1 |       |       |       ||     1
  Evoke: Wand              |       |     1 |     8 |     4 |     8 |       ||    21
         Sack of spiders   |       |       |       |     1 |     1 |       ||     2
    Use: Scroll            |     6 |     6 |     8 |     6 |     7 |     1 ||    34
         Potion            |       |     2 |     2 |     2 |       |       ||     6
   Stab: Paralysed         |     1 |     3 |     9 |    62 |    99 |    44 ||   218
         Sleeping          |     1 |       |       |       |       |     1 ||     2
         Invisible         |       |       |     3 |     3 |       |       ||     6
         Confused          |       |       |       |     2 |     1 |       ||     3
         Distracted        |       |       |       |       |     1 |       ||     1
 Armour: Animal skin       |    38 |       |       |       |       |       ||    38
         Scale mail        |    49 |     2 |       |       |       |       ||    51
         Leather armour    |       |    80 |   149 |   285 |       |       ||   514
         Skin              |       |    15 |    16 |       |       |       ||    31
         Troll leather arm |       |       |       |    62 |   416 |   286 ||   764
  Dodge: Dodged            |    76 |    95 |   149 |   311 |   643 |   358 ||  1632
  Block: Buckler           |       |     5 |    65 |    20 |       |       ||    90
         Other             |       |       |       |     1 |   101 |       ||   102
   Form: Blade             |       |       |       |     1 |       |       ||     1

Table legend: (Time is in decaauts)
 A = Elapsed time spent in this place.
 B = Non-inter-level travel time spent in this place.
 C = Inter-level travel time spent in this place.
 D = Time resting spent in this place.
 E = Time spent auto-exploring this place.
 F = Levels seen in this place.
 G = Mean time per level.
                   A        B        C        D        E       F      G
               +--------+--------+--------+--------+--------+-----+--------+
         Total |  22022 |  20887 |   1135 |   1309 |  14931 |  26 |  847.0 |
       Dungeon |  13271 |  12520 |    751 |   1018 |   9091 |  15 |  884.7 |
          Lair |   5106 |   4798 |    308 |      0 |   3709 |   5 | 1021.2 |
   Spider Nest |   1267 |   1245 |     22 |    106 |    766 |   2 |  633.5 |
  Orcish Mines |   1361 |   1308 |     53 |      0 |    940 |   2 |  680.5 |
       Ossuary |    174 |    174 |      0 |      0 |      0 |   1 |  174.0 |
        Bailey |    841 |    841 |      0 |    185 |    424 |   1 |  841.0 |
               +--------+--------+--------+--------+--------+-----+--------+

Top non-repeatable levels by time:
    D:10: 1822 daAuts
  Lair:5: 1358 daAuts
     D:9: 1269 daAuts
    D:11: 1169 daAuts
Spider:1: 1087 daAuts
  Lair:3: 1055 daAuts
     D:6: 1045 daAuts
  Lair:2: 1023 daAuts
     D:4: 993 daAuts
   Orc:2: 949 daAuts
     D:3: 886 daAuts
  Lair:1: 848 daAuts
  Bailey: 841 daAuts
     D:5: 822 daAuts
  Lair:4: 821 daAuts
